Inferno vs Remparts
(R1)
Created - 25 octobre 2016 at 20:32
Goals
|
| Inferno |
1 |
1 |
0 |
2 |
| Remparts |
3 |
2 |
0 |
5 |
|
Shots
|
| Inferno |
14 |
10 |
3 |
27 |
| Remparts |
15 |
10 |
10 |
35 |
|
1st period
1. Inferno , Vladimir Zharkov 1 (Vladimir Sobotka, Jonathan Ferland) at 9:06
2. Remparts , Guillaume Desbiens 1 (Ty Wishart, Pasi Salonen) at 11:36
3. Remparts , Jonathan Matsumoto 1 (Daniel Paille) at 13:00
4. Remparts , Jonathan Matsumoto 2 (Daniel Paille, Brandon Gormley) at 16:33 (PP)
Penalties :
Stephane Veilleux (Anc) for Tripping (Minor) at 16:17
2nd period
5. Remparts , Johannes Salmonsson 1 (Jonathan Cheechoo, Max Reinhart) at 3:05 (PP)
6. Inferno , Mikhail Grabovski 1 (Jonathan Ferland, Sami Vatanen) at 15:45
7. Remparts , Jonathan Cheechoo 1 (Rico Fata, Nate Guenin) at 18:09
Penalties :
Jonathan Ferland (Anc) for Tripping (Minor) at 2:08, Guillaume Desbiens (Que) for Interference (Minor) at 5:35
3rd period
No Goal
Penalties :
Guillaume Desbiens (Que) for Tripping (Minor) at 5:11, Vladimir Zharkov (Anc) for Roughing (Minor) at 11:27, Brandon Gormley (Que) for Holding Stick (Minor) at 14:28
Goalie Stats
Josh Harding (Anc), 12 saves from 16 shots - (0,750), L, 0-1-0, 23:05 minutes
Michael Hutchinson (Anc), 18 saves from 19 shots - (0,947), 36:55 minutes
Keith Kinkaid (Que), 25 saves from 27 shots - (0,926), W, 1-0-0, 60:00 minutes
Players Stats for Inferno
Player Name G A P +/- PIM S H SB GA TA FO MP PP MP PK MP
------------------------------------------------------------------------------------
Anders Lee 0 0 0 0 0 4 1 2 0 1 3/4 12:52 2:51 0:40
Beau Bennett 0 0 0 0 0 3 1 0 0 0 0/0 10:02 0:00 0:00
Brendan Mikkelson 0 0 0 1 0 1 3 0 0 0 0/0 27:19 2:43 1:31
Cal O'Reilly 0 0 0 -1 0 1 0 0 1 0 0/2 12:00 0:09 0:22
Christian Folin 0 0 0 0 0 0 2 0 0 0 0/0 10:02 0:00 0:00
Colby Robak 0 0 0 -1 0 3 0 2 1 0 0/0 20:05 2:43 1:53
David Savard 0 0 0 -1 0 3 2 1 1 0 0/0 20:20 3:14 1:53
David Ullstrom 0 0 0 0 0 2 1 0 0 0 1/1 17:01 2:33 1:37
Jonathan Ferland 0 2 2 0 2 3 2 0 0 1 1/1 20:03 3:14 0:00
Kyle Palmieri 0 0 0 -1 0 1 0 1 0 0 0/0 11:31 0:10 0:00
Matt Kassian 0 0 0 -1 0 1 2 0 0 1 2/2 13:31 0:43 1:23
Mikhail Grabovski 1 0 1 0 0 1 1 1 0 2 18/31 19:57 3:07 0:00
Sami Vatanen 0 1 1 1 0 0 1 2 0 1 0/0 22:40 3:14 0:00
Simon Danis-Pepin 0 0 0 -1 0 0 2 0 0 2 0/0 17:15 0:00 1:19
Stephane Veilleux 0 0 0 0 2 1 0 1 0 1 0/1 17:25 1:58 0:00
Vladimir Sobotka 0 1 1 0 0 1 2 0 0 1 7/9 16:12 0:00 2:10
Vladimir Zharkov 1 0 1 0 2 1 1 1 0 0 0/0 15:49 3:06 0:00
Zach Redmond 0 0 0 -1 0 1 0 0 0 1 0/0 12:41 0:00 0:00
Players Stats for Remparts
Player Name G A P +/- PIM S H SB GA TA FO MP PP MP PK MP
------------------------------------------------------------------------------------
Brandon Gormley 0 1 1 -2 2 5 1 0 2 0 0/0 23:24 1:18 0:00
Cédric Lalonde-McNicoll 0 0 0 0 0 2 0 2 0 0 3/13 18:35 1:33 3:22
Daniel Paille 0 2 2 0 0 2 1 0 3 1 0/0 21:41 1:18 3:14
Guillaume Desbiens 1 0 1 0 4 4 2 1 1 0 0/1 15:37 1:33 0:00
Janne Niskala 0 0 0 2 0 1 2 0 0 0 0/0 16:24 1:45 2:13
Jarod Palmer 0 0 0 0 0 3 0 1 1 0 0/0 7:32 0:00 0:00
Johannes Salmonsson 1 0 1 0 0 2 1 0 2 0 0/0 10:28 0:21 2:25
Jonathan Cheechoo 1 1 2 1 0 1 1 0 0 0 0/1 13:20 0:24 1:21
Jonathan Matsumoto 2 0 2 0 0 6 2 0 0 0 12/29 18:50 1:18 0:00
Keith Ballard 0 0 0 -2 0 2 1 1 0 0 0/0 26:11 1:18 3:44
Luca Caputi 0 0 0 0 0 0 0 0 0 0 0/0 7:32 0:00 0:00
Max Reinhart 0 1 1 1 0 1 0 0 0 0 3/5 13:42 0:21 1:20
Nate Guenin 0 1 1 2 0 1 2 4 0 0 0/0 16:30 0:09 3:44
Pasi Salonen 0 1 1 0 0 1 3 2 0 0 1/1 16:18 1:33 0:12
Petr Straka 0 0 0 0 0 0 1 0 0 2 0/1 19:09 1:15 0:00
Rico Fata 0 1 1 1 0 2 1 0 0 0 0/0 11:27 0:00 0:00
Ty Wishart 0 1 1 1 0 1 5 0 0 0 0/0 18:15 1:45 0:00
William Colbert 0 0 0 1 0 1 0 2 2 0 0/0 19:05 0:09 2:13
3 Stars
1 - Jonathan Matsumoto (Que)
2 - Jonathan Cheechoo (Que)
3 - Nate Guenin (Que)
Power Play
Inferno - 0 on 3 Attempt(s) - 0,00%
Remparts - 2 on 3 Attempt(s) - 66,67%
Penalty Kill
Inferno - 1 on 3 Attempt(s) - 33,33%
- Score 0 goal in Penalty Kill
Remparts - 3 on 3 Attempt(s) - 100,00%
- Score 0 goal in Penalty Kill
Team Stat
Inferno - Hits : 21 - Faceoff Wins : 32 - Blocked Shots : 11 - Penalty Minutes : 6
Remparts - Hits : 23 - Faceoff Wins : 19 - Blocked Shots : 13 - Penalty Minutes : 6
Official
Referees : O'Rourke Dan and StLaurent Francois
Linesman : Brian Mach and Mark Shewchyk
Game Notes
Michael Hutchinson enters game at 3:05 of 2nd period
Stephane Veilleux is injured at 10:08 of 3rd period (Lacerated Right Calf)
Finance
Level 1 -- Attendance: 1367 (68,35%) -- Ticket Income 34 175 $
Level 2 -- Attendance: 724 (72,40%) -- Ticket Income 10 860 $
Total Attendance: 2091 (69,70%)
Total Ticket Income: 45 035 $
Other Income: 2 252 $
Total Income: 47 287 $
Inferno
5 vs 5 Forward
Center Left Wing Right Wing Time % Phy DF OF
1 Mikhail Grabovski Stephane Veilleux Jonathan Ferland 40 1 2 2
2 Vladimir Sobotka David Ullstrom Vladimir Zharkov 30 1 2 2
3 Cal O'Reilly Matt Kassian Kyle Palmieri 20 1 2 2
4 Anders Lee Christian Folin Beau Bennett 10 1 2 2
5 vs 5 Defense
Defense Defense Time % Phy DF OF
1 Sami Vatanen Brendan Mikkelson 40 1 2 2
2 David Savard Colby Robak 30 1 2 2
3 Simon Danis-Pepin Zach Redmond 20 1 2 2
4 Simon Danis-Pepin Brendan Mikkelson 10 1 2 2
PowerPlay Forward
Center Left Wing Right Wing Time % Phy DF OF
1 Mikhail Grabovski Stephane Veilleux Jonathan Ferland 60 1 1 3
2 Anders Lee David Ullstrom Vladimir Zharkov 40 1 1 3
PowerPlay Defense
Defense Defense Time % Phy DF OF
1 Sami Vatanen David Savard 60 1 1 3
2 Colby Robak Brendan Mikkelson 40 1 1 3
Penalty Kill 4 Players Forward
Center Wing Time % Phy DF OF
1 Vladimir Sobotka Stephane Veilleux 60 1 3 1
2 Mikhail Grabovski Jonathan Ferland 40 1 3 1
Penalty Kill 4 Players Defense
Defense Defense Time % Phy DF OF
1 Simon Danis-Pepin Brendan Mikkelson 60 1 3 1
2 David Savard Colby Robak 40 1 3 1
Penalty Kill - 3 Players Forward
Forward Time % Phy DF OF
1 Mikhail Grabovski 60 1 3 0
2 Vladimir Sobotka 40 1 4 0
Penalty Kill - 3 Players Defense
Defense Defense Time % Phy DF OF
1 Simon Danis-Pepin Brendan Mikkelson 60 1 4 0
2 David Savard Colby Robak 40 1 4 0
4 vs 4 Forward
Center Wing Time % Phy DF OF
1 Mikhail Grabovski Stephane Veilleux 60 1 2 2
2 Vladimir Sobotka Jonathan Ferland 40 1 2 2
4 vs 4 Defense
Defense Defense Time % Phy DF OF
1 Sami Vatanen Brendan Mikkelson 60 1 2 2
2 David Savard Colby Robak 40 1 2 2
Last Minutes Offensive
Center Left Wing Right Wing Defense Defense
Mikhail Grabovski Stephane Veilleux Jonathan Ferland Sami Vatanen Brendan Mikkelson
Last Minutes Defensive
Center Left Wing Right Wing Defense Defense
Vladimir Sobotka Stephane Veilleux Jonathan Ferland Simon Danis-Pepin Colby Robak
Goaltenders
Starting : Josh Harding
Backup : Michael Hutchinson
Extra Forwards
Normal : Vladimir Sobotka, David Ullstrom, Vladimir Zharkov - PP : Vladimir Zharkov, Anders Lee - PK : David Ullstrom
Extra Defensemen
Normal : Colby Robak, David Savard, Simon Danis-Pepin - PP : Colby Robak - PK : Colby Robak, David Savard
Penalty Shots
Mikhail Grabovski, Vladimir Zharkov, Anders Lee, Stephane Veilleux, Vladimir Sobotka
Remparts
5 vs 5 Forward
Center Left Wing Right Wing Time % Phy DF OF
1 Jonathan Matsumoto Daniel Paille Petr Straka 40 0 2 3
2 Cédric Lalonde-McNicoll Pasi Salonen Guillaume Desbiens 30 0 2 3
3 Max Reinhart Rico Fata Jonathan Cheechoo 20 0 3 2
4 Jarod Palmer Johannes Salmonsson Luca Caputi 10 1 2 2
5 vs 5 Defense
Defense Defense Time % Phy DF OF
1 Keith Ballard Brandon Gormley 40 0 2 3
2 William Colbert Ty Wishart 30 1 2 2
3 Janne Niskala Nate Guenin 20 1 2 2
4 Keith Ballard Brandon Gormley 10 0 2 3
PowerPlay Forward
Center Left Wing Right Wing Time % Phy DF OF
1 Jonathan Matsumoto Daniel Paille Petr Straka 60 0 1 4
2 Cédric Lalonde-McNicoll Pasi Salonen Guillaume Desbiens 40 0 1 4
PowerPlay Defense
Defense Defense Time % Phy DF OF
1 Keith Ballard Brandon Gormley 60 0 2 3
2 Janne Niskala Ty Wishart 40 0 2 3
Penalty Kill 4 Players Forward
Center Wing Time % Phy DF OF
1 Cédric Lalonde-McNicoll Daniel Paille 60 1 4 0
2 Max Reinhart Johannes Salmonsson 40 1 4 0
Penalty Kill 4 Players Defense
Defense Defense Time % Phy DF OF
1 Nate Guenin Keith Ballard 60 1 4 0
2 Janne Niskala William Colbert 40 1 4 0
Penalty Kill - 3 Players Forward
Forward Time % Phy DF OF
1 Daniel Paille 60 1 4 0
2 Max Reinhart 40 1 4 0
Penalty Kill - 3 Players Defense
Defense Defense Time % Phy DF OF
1 Nate Guenin Keith Ballard 60 1 4 0
2 Janne Niskala William Colbert 40 1 4 0
4 vs 4 Forward
Center Wing Time % Phy DF OF
1 Jonathan Matsumoto Daniel Paille 60 0 2 3
2 Cédric Lalonde-McNicoll Guillaume Desbiens 40 1 2 2
4 vs 4 Defense
Defense Defense Time % Phy DF OF
1 Keith Ballard Brandon Gormley 60 0 2 3
2 William Colbert Ty Wishart 40 1 2 2
Last Minutes Offensive
Center Left Wing Right Wing Defense Defense
Jonathan Matsumoto Daniel Paille Petr Straka Keith Ballard Brandon Gormley
Last Minutes Defensive
Center Left Wing Right Wing Defense Defense
Cédric Lalonde-McNicoll Daniel Paille Guillaume Desbiens Keith Ballard Nate Guenin
Goaltenders
Starting : Keith Kinkaid
Backup : Petr Mrazek
Extra Forwards
Normal : Pasi Salonen, Daniel Paille, Petr Straka - PP : Petr Straka, Daniel Paille - PK : Jonathan Cheechoo
Extra Defensemen
Normal : William Colbert, Brandon Gormley, Ty Wishart - PP : Ty Wishart - PK : Brandon Gormley, Ty Wishart
Penalty Shots
Pasi Salonen, Jonathan Matsumoto, Jonathan Cheechoo, Rico Fata, Jarod Palmer
% Time on Ice - Inferno
Lines # - Real PCT - Wanted PCT - Time Play
Normal Forward
1 - 33% - 40% - 16:58
2 - 25% - 30% - 12:30
3 - 22% - 20% - 11:21
4 - 20% - 10% - 10:02
Normal Defense
1 - 38% - 40% - 19:26
2 - 30% - 30% - 15:29
3 - 25% - 20% - 12:41
4 - 6% - 10% - 3:15
PP Forward
1 - 57% - 60% - 3:24
2 - 43% - 40% - 2:33
PP Defense
1 - 54% - 60% - 3:14
2 - 46% - 40% - 2:43
PK Forward
1 - 100% - 60% - 3:12
2 - 0% - 40% - 0:00
PK Defense
1 - 41% - 60% - 1:19
2 - 59% - 40% - 1:53
PK3 Forward
1 - 0% - 60%
2 - 0% - 40%
PK3 Defense
1 - 0% - 60%
2 - 0% - 40%
44 Forward
1 - 0% - 60%
2 - 0% - 40%
44 Defense
1 - 0% - 60%
2 - 0% - 40%
Last Minute Offensive - 0:00
Last Minute Defensive - 0:00
Total
Forward - 60:00
Defense - 60:00
|
% Time on Ice - Remparts
Lines # - Real PCT - Wanted PCT - Time Play
Normal Forward
1 - 35% - 40% - 17:48
2 - 28% - 30% - 14:04
3 - 23% - 20% - 11:27
4 - 15% - 10% - 7:32
Normal Defense
1 - 38% - 40% - 19:22
2 - 32% - 30% - 16:10
3 - 25% - 20% - 12:51
4 - 5% - 10% - 2:28
PP Forward
1 - 43% - 60% - 1:22
2 - 57% - 40% - 1:50
PP Defense
1 - 41% - 60% - 1:18
2 - 59% - 40% - 1:54
PK Forward
1 - 83% - 60% - 4:57
2 - 17% - 40% - 1:00
PK Defense
1 - 63% - 60% - 3:44
2 - 37% - 40% - 2:13
PK3 Forward
1 - 0% - 60%
2 - 0% - 40%
PK3 Defense
1 - 0% - 60%
2 - 0% - 40%
44 Forward
1 - 0% - 60%
2 - 0% - 40%
44 Defense
1 - 0% - 60%
2 - 0% - 40%
Last Minute Offensive - 0:00
Last Minute Defensive - 0:00
Total
Forward - 60:00
Defense - 60:00
|
Play by Play
1st period
0:01 of 1st period - Mikhail Grabovski wins face-off versus Jonathan Matsumoto in neutral zone.
0:26 of 1st period - David Ullstrom is hit by Pasi Salonen and loses puck.
0:37 of 1st period - Pasi Salonen is hit by Vladimir Sobotka.
0:47 of 1st period - Wrist shot by Guillaume Desbiens.
0:47 of 1st period - Shot Misses the Net.
0:49 of 1st period - Wrist shot by Max Reinhart.
0:49 of 1st period - Stopped by Josh Harding with a rebound.
0:53 of 1st period - Wrist shot by Rico Fata.
0:53 of 1st period - Stopped by Josh Harding with a rebound.
0:55 of 1st period - Slapshot by Nate Guenin.
0:55 of 1st period - Shot Hit the Post.
1:12 of 1st period - Slapshot by Cal O'Reilly.
1:12 of 1st period - Stopped by Keith Kinkaid with a rebound.
2:15 of 1st period - Wrist shot by Jonathan Ferland.
2:15 of 1st period - Shot Misses the Net.
2:45 of 1st period - Snap shot by Beau Bennett.
2:45 of 1st period - Deflect By Anders Lee.
2:45 of 1st period - Shot Misses the Net.
2:45 of 1st period - Puck is out of play.
2:46 of 1st period - Mikhail Grabovski wins face-off versus Jonathan Matsumoto in Remparts zone.
3:11 of 1st period - Keith Ballard is hit by Vladimir Sobotka and loses puck.
4:09 of 1st period - Snap shot by Jonathan Matsumoto.
4:09 of 1st period - Stopped by Josh Harding with a rebound.
4:11 of 1st period - Snap shot by Janne Niskala.
4:11 of 1st period - Stopped by Josh Harding without a rebound.
4:12 of 1st period - Anders Lee wins face-off versus Jonathan Matsumoto in Inferno zone.
4:30 of 1st period - Jonathan Matsumoto is hit by Simon Danis-Pepin and loses puck.
4:47 of 1st period - Slapshot by Jonathan Ferland.
4:47 of 1st period - Shot Misses the Net.
4:49 of 1st period - Slapshot by Zach Redmond.
4:49 of 1st period - Deflect By Keith Ballard.
4:49 of 1st period - Stopped by Keith Kinkaid without a rebound.
4:50 of 1st period - Vladimir Sobotka wins face-off versus Cédric Lalonde-McNicoll in Remparts zone.
5:15 of 1st period - Jonathan Ferland is hit by Jonathan Matsumoto and loses puck.
6:25 of 1st period - Snap shot by Pasi Salonen.
6:25 of 1st period - Shot Misses the Net.
6:27 of 1st period - Snap shot by Pasi Salonen.
6:27 of 1st period - Deflect By Cédric Lalonde-McNicoll.
6:27 of 1st period - Shot Misses the Net.
6:27 of 1st period - Puck is out of play.
6:28 of 1st period - Jonathan Matsumoto wins face-off versus Mikhail Grabovski in Inferno zone.
6:55 of 1st period - Icing by Vladimir Sobotka.
6:56 of 1st period - Vladimir Sobotka wins face-off versus Cédric Lalonde-McNicoll in Inferno zone.
7:02 of 1st period - Off-side.
7:03 of 1st period - Jonathan Matsumoto wins face-off versus Mikhail Grabovski in neutral zone.
7:11 of 1st period - Wrist shot by Daniel Paille.
7:11 of 1st period - Shot Misses the Net.
7:13 of 1st period - Wrist shot by Petr Straka.
7:13 of 1st period - Shot Misses the Net.
7:28 of 1st period - Icing by Vladimir Zharkov.
7:29 of 1st period - David Ullstrom wins face-off versus Cédric Lalonde-McNicoll in Inferno zone.
7:44 of 1st period - Snap shot by Vladimir Sobotka.
7:44 of 1st period - Stopped by Keith Kinkaid without a rebound.
7:45 of 1st period - Jonathan Ferland wins face-off versus Jonathan Matsumoto in Remparts zone.
7:53 of 1st period - Off-side.
7:54 of 1st period - Mikhail Grabovski wins face-off versus Jonathan Matsumoto in neutral zone.
8:13 of 1st period - Snap shot by Jonathan Ferland.
8:13 of 1st period - Deflect By Keith Ballard.
8:13 of 1st period - Shot Misses the Net.
8:13 of 1st period - Puck is out of play.
8:14 of 1st period - Max Reinhart wins face-off versus Cal O'Reilly in Remparts zone.
8:23 of 1st period - Ty Wishart is hit by Matt Kassian and loses puck.
8:31 of 1st period - Kyle Palmieri is hit by Ty Wishart and loses puck.
8:44 of 1st period - Snap shot by Jonathan Ferland.
8:44 of 1st period - Shot Misses the Net.
9:06 of 1st period - Snap shot by Vladimir Zharkov.
9:06 of 1st period - Goal by Vladimir Zharkov - Inferno : 1 - Remparts : 0.
9:07 of 1st period - Mikhail Grabovski wins face-off versus Jonathan Matsumoto in neutral zone.
9:32 of 1st period - David Ullstrom is hit by Pasi Salonen and loses puck.
10:19 of 1st period - Wrist shot by Johannes Salmonsson.
10:19 of 1st period - Shot Blocked by Colby Robak.
10:21 of 1st period - Snap shot by Nate Guenin.
10:21 of 1st period - Shot Misses the Net.
10:23 of 1st period - Snap shot by Johannes Salmonsson.
10:23 of 1st period - Shot Misses the Net.
10:35 of 1st period - Wrist shot by Stephane Veilleux.
10:35 of 1st period - Stopped by Keith Kinkaid with a rebound.
10:37 of 1st period - Wrist shot by Mikhail Grabovski.
10:37 of 1st period - Shot Misses the Net.
11:21 of 1st period - Cédric Lalonde-McNicoll is hit by Brendan Mikkelson and loses puck.
11:32 of 1st period - Snap shot by Guillaume Desbiens.
11:32 of 1st period - Stopped by Josh Harding with a rebound.
11:34 of 1st period - Slapshot by Ty Wishart.
11:34 of 1st period - Stopped by Josh Harding with a rebound.
11:36 of 1st period - Snap shot by Guillaume Desbiens.
11:36 of 1st period - Goal by Guillaume Desbiens - Inferno : 1 - Remparts : 1.
11:37 of 1st period - Mikhail Grabovski wins face-off versus Jonathan Matsumoto in neutral zone.
12:02 of 1st period - Simon Danis-Pepin is hit by Rico Fata and loses puck.
12:07 of 1st period - Snap shot by Rico Fata.
12:07 of 1st period - Shot Blocked by Vladimir Zharkov.
12:09 of 1st period - Slapshot by Nate Guenin.
12:09 of 1st period - Stopped by Josh Harding with a rebound.
12:11 of 1st period - Slapshot by Nate Guenin.
12:11 of 1st period - Shot Misses the Net.
13:00 of 1st period - Snap shot by Jonathan Matsumoto.
13:00 of 1st period - Goal by Jonathan Matsumoto - Inferno : 1 - Remparts : 2.
13:01 of 1st period - Jonathan Matsumoto wins face-off versus Mikhail Grabovski in neutral zone.
13:18 of 1st period - Daniel Paille is hit by Brendan Mikkelson and loses puck.
13:42 of 1st period - Slapshot by Brandon Gormley.
13:42 of 1st period - Shot Blocked by Sami Vatanen.
13:52 of 1st period - Slapshot by Pasi Salonen.
13:52 of 1st period - Shot Blocked by Anders Lee.
13:54 of 1st period - Slapshot by Pasi Salonen.
13:54 of 1st period - Shot Misses the Net.
13:56 of 1st period - Slapshot by Cédric Lalonde-McNicoll.
13:56 of 1st period - Stopped by Josh Harding without a rebound.
13:57 of 1st period - Anders Lee wins face-off versus Jonathan Matsumoto in Inferno zone.
14:16 of 1st period - Slapshot by Christian Folin.
14:16 of 1st period - Shot Misses the Net.
14:18 of 1st period - Wrist shot by Colby Robak.
14:18 of 1st period - Deflect By Anders Lee.
14:18 of 1st period - Stopped by Keith Kinkaid with a rebound.
14:20 of 1st period - Slapshot by Zach Redmond.
14:20 of 1st period - Shot Blocked by Cédric Lalonde-McNicoll.
14:22 of 1st period - Slapshot by Zach Redmond.
14:22 of 1st period - Shot Misses the Net.
14:40 of 1st period - Wrist shot by Christian Folin.
14:40 of 1st period - Shot Misses the Net.
14:42 of 1st period - Slapshot by Christian Folin.
14:42 of 1st period - Shot Misses the Net.
14:46 of 1st period - Snap shot by Beau Bennett.
14:46 of 1st period - Shot Blocked by Guillaume Desbiens.
14:48 of 1st period - Slapshot by David Savard.
14:48 of 1st period - Stopped by Keith Kinkaid with a rebound.
14:50 of 1st period - Slapshot by David Savard.
14:50 of 1st period - Stopped by Keith Kinkaid with a rebound.
14:52 of 1st period - Snap shot by Christian Folin.
14:52 of 1st period - Shot Blocked by William Colbert.
15:21 of 1st period - Snap shot by Beau Bennett.
15:21 of 1st period - Shot Hit the Post.
15:23 of 1st period - Slapshot by Simon Danis-Pepin.
15:23 of 1st period - Shot Blocked by Pasi Salonen.
15:35 of 1st period - Slapshot by Sami Vatanen.
15:35 of 1st period - Shot Blocked by Pasi Salonen.
15:47 of 1st period - Wrist shot by Colby Robak.
15:47 of 1st period - Deflect By Pasi Salonen.
15:47 of 1st period - Stopped by Keith Kinkaid with a rebound.
15:49 of 1st period - Slapshot by Brendan Mikkelson.
15:49 of 1st period - Stopped by Keith Kinkaid with a rebound.
15:53 of 1st period - Wrist shot by Beau Bennett.
15:53 of 1st period - Shot Blocked by William Colbert.
15:55 of 1st period - Wrist shot by Anders Lee.
15:55 of 1st period - Stopped by Keith Kinkaid with a rebound.
15:57 of 1st period - Slapshot by Zach Redmond.
15:57 of 1st period - Shot Blocked by Cédric Lalonde-McNicoll.
15:59 of 1st period - Slapshot by Beau Bennett.
15:59 of 1st period - Stopped by Keith Kinkaid without a rebound.
16:00 of 1st period - Jonathan Matsumoto wins face-off versus Mikhail Grabovski in Remparts zone.
16:04 of 1st period - Icing by Brandon Gormley.
16:05 of 1st period - Jonathan Matsumoto wins face-off versus Mikhail Grabovski in Remparts zone.
16:05 of 1st period - Jonathan Matsumoto is hit by Jonathan Ferland.
16:17 of 1st period - Minor Penalty to Stephane Veilleux for Tripping.
16:18 of 1st period - Vladimir Sobotka wins face-off versus Petr Straka in Inferno zone.
16:33 of 1st period - Wrist shot by Jonathan Matsumoto.
16:33 of 1st period - Goal by Jonathan Matsumoto - Inferno : 1 - Remparts : 3.
16:34 of 1st period - Mikhail Grabovski wins face-off versus Jonathan Matsumoto in neutral zone.
17:23 of 1st period - Snap shot by Vladimir Sobotka.
17:23 of 1st period - Shot Blocked by Nate Guenin.
17:31 of 1st period - Brendan Mikkelson is hit by Nate Guenin and loses puck.
17:42 of 1st period - Snap shot by Jonathan Matsumoto.
17:42 of 1st period - Stopped by Josh Harding with a rebound.
17:44 of 1st period - Slapshot by Brandon Gormley.
17:44 of 1st period - Stopped by Josh Harding with a rebound.
17:46 of 1st period - Wrist shot by Daniel Paille.
17:46 of 1st period - Shot Misses the Net.
18:10 of 1st period - Wrist shot by Guillaume Desbiens.
18:10 of 1st period - Stopped by Josh Harding with a rebound.
18:12 of 1st period - Snap shot by Guillaume Desbiens.
18:12 of 1st period - Deflect By Pasi Salonen.
18:12 of 1st period - Stopped by Josh Harding with a rebound.
19:12 of 1st period - Wrist shot by Beau Bennett.
19:12 of 1st period - Stopped by Keith Kinkaid with a rebound.
19:14 of 1st period - Slapshot by Colby Robak.
19:14 of 1st period - Deflect By Anders Lee.
19:14 of 1st period - Stopped by Keith Kinkaid without a rebound.
19:15 of 1st period - Mikhail Grabovski wins face-off versus Max Reinhart in Remparts zone.
19:16 of 1st period - Slapshot by Jonathan Ferland.
19:16 of 1st period - Shot Blocked by Nate Guenin.
19:18 of 1st period - Snap shot by Stephane Veilleux.
19:18 of 1st period - Shot Misses the Net.
19:20 of 1st period - Snap shot by David Savard.
19:20 of 1st period - Deflect By Stephane Veilleux.
19:20 of 1st period - Shot Misses the Net.
19:20 of 1st period - Puck is out of play.
19:21 of 1st period - Mikhail Grabovski wins face-off versus Jonathan Cheechoo in Remparts zone.
19:58 of 1st period - Wrist shot by Rico Fata.
19:58 of 1st period - Shot Misses the Net.
Goals for this period are 1 for Inferno vs 3 for Remparts.
Shots for this period are 14 for Inferno vs 15 for Remparts.
2nd period
0:01 of 2nd period - Mikhail Grabovski wins face-off versus Jonathan Matsumoto in neutral zone.
0:16 of 2nd period - Brandon Gormley is hit by Mikhail Grabovski and loses puck.
0:23 of 2nd period - Brendan Mikkelson is hit by Petr Straka and loses puck.
1:16 of 2nd period - Snap shot by Jonathan Ferland.
1:16 of 2nd period - Shot Misses the Net.
1:35 of 2nd period - Snap shot by Daniel Paille.
1:35 of 2nd period - Shot Misses the Net.
1:53 of 2nd period - Wrist shot by Mikhail Grabovski.
1:53 of 2nd period - Shot Blocked by Keith Ballard.
2:08 of 2nd period - Minor Penalty to Jonathan Ferland for Tripping.
2:09 of 2nd period - Vladimir Sobotka wins face-off versus Cédric Lalonde-McNicoll in Inferno zone.
2:35 of 2nd period - Cédric Lalonde-McNicoll is hit by Matt Kassian and loses puck.
3:05 of 2nd period - Snap shot by Jonathan Cheechoo.
3:05 of 2nd period - Deflect By Johannes Salmonsson.
3:05 of 2nd period - Goal by Johannes Salmonsson - Inferno : 1 - Remparts : 4.
3:05 of 2nd period - Michael Hutchinson enters game.
3:06 of 2nd period - Max Reinhart wins face-off versus Cal O'Reilly in neutral zone.
3:13 of 2nd period - Slapshot by Janne Niskala.
3:13 of 2nd period - Shot Misses the Net.
3:15 of 2nd period - Snap shot by Rico Fata.
3:15 of 2nd period - Stopped by Michael Hutchinson with a rebound.
3:17 of 2nd period - Snap shot by Nate Guenin.
3:17 of 2nd period - Shot Misses the Net.
3:31 of 2nd period - Pasi Salonen is hit by Sami Vatanen and loses puck.
4:47 of 2nd period - Backhand shot by Daniel Paille.
4:47 of 2nd period - Stopped by Michael Hutchinson without a rebound.
4:48 of 2nd period - Jonathan Matsumoto wins face-off versus Mikhail Grabovski in Inferno zone.
5:11 of 2nd period - Sami Vatanen is hit by Jonathan Cheechoo and loses puck.
5:35 of 2nd period - Minor Penalty to Guillaume Desbiens for Interference.
5:36 of 2nd period - Cédric Lalonde-McNicoll wins face-off versus Anders Lee in Remparts zone.
6:22 of 2nd period - Off-side.
6:23 of 2nd period - Max Reinhart wins face-off versus Mikhail Grabovski in neutral zone.
7:35 of 2nd period - Penalty to Guillaume Desbiens is over, Guillaume Desbiens is back on ice.
7:46 of 2nd period - Cal O'Reilly is hit by Keith Ballard.
7:49 of 2nd period - Off-side.
7:50 of 2nd period - Matt Kassian wins face-off versus Jonathan Matsumoto in neutral zone.
8:31 of 2nd period - Snap shot by Anders Lee.
8:31 of 2nd period - Stopped by Keith Kinkaid without a rebound.
8:32 of 2nd period - Anders Lee wins face-off versus Cédric Lalonde-McNicoll in Remparts zone.
9:41 of 2nd period - Slapshot by Brandon Gormley.
9:41 of 2nd period - Shot Misses the Net.
9:43 of 2nd period - Slapshot by Brandon Gormley.
9:43 of 2nd period - Stopped by Michael Hutchinson with a rebound.
10:06 of 2nd period - Anders Lee is hit by Nate Guenin and loses puck.
10:21 of 2nd period - Snap shot by Vladimir Sobotka.
10:21 of 2nd period - Deflect By David Ullstrom.
10:21 of 2nd period - Shot Blocked by Nate Guenin.
10:21 of 2nd period - Puck is out of play.
10:22 of 2nd period - Jonathan Matsumoto wins face-off versus Vladimir Sobotka in Remparts zone.
10:22 of 2nd period - Jonathan Matsumoto is hit by Vladimir Zharkov.
10:40 of 2nd period - Icing by Vladimir Sobotka.
10:41 of 2nd period - Vladimir Sobotka wins face-off versus Cédric Lalonde-McNicoll in Inferno zone.
10:48 of 2nd period - Wrist shot by David Ullstrom.
10:48 of 2nd period - Stopped by Keith Kinkaid without a rebound.
10:49 of 2nd period - Pasi Salonen wins face-off versus Mikhail Grabovski in Remparts zone.
11:14 of 2nd period - Brandon Gormley is hit by David Ullstrom and loses puck.
11:41 of 2nd period - Wrist shot by Rico Fata.
11:41 of 2nd period - Shot Blocked by Colby Robak.
11:43 of 2nd period - Slapshot by Keith Ballard.
11:43 of 2nd period - Stopped by Michael Hutchinson without a rebound.
11:44 of 2nd period - Cédric Lalonde-McNicoll wins face-off versus Mikhail Grabovski in Inferno zone.
11:47 of 2nd period - Wrist shot by Guillaume Desbiens.
11:47 of 2nd period - Stopped by Michael Hutchinson with a rebound.
11:59 of 2nd period - Snap shot by Jonathan Ferland.
11:59 of 2nd period - Deflect By Mikhail Grabovski.
11:59 of 2nd period - Shot Misses the Net.
11:59 of 2nd period - Puck is out of play.
12:00 of 2nd period - Jonathan Matsumoto wins face-off versus Vladimir Sobotka in Remparts zone.
12:07 of 2nd period - Slapshot by William Colbert.
12:07 of 2nd period - Deflect By Jonathan Matsumoto.
12:07 of 2nd period - Stopped by Michael Hutchinson with a rebound.
12:25 of 2nd period - Sami Vatanen is hit by Pasi Salonen and loses puck.
12:47 of 2nd period - Wrist shot by Rico Fata.
12:47 of 2nd period - Shot Misses the Net.
12:54 of 2nd period - Wrist shot by Matt Kassian.
12:54 of 2nd period - Deflect By Brandon Gormley.
12:54 of 2nd period - Stopped by Keith Kinkaid with a rebound.
13:24 of 2nd period - Backhand shot by Daniel Paille.
13:24 of 2nd period - Shot Misses the Net.
13:56 of 2nd period - Snap shot by Cal O'Reilly.
13:56 of 2nd period - Shot Blocked by Jarod Palmer.
13:58 of 2nd period - Slapshot by Colby Robak.
13:58 of 2nd period - Stopped by Keith Kinkaid with a rebound.
14:00 of 2nd period - Wrist shot by Colby Robak.
14:00 of 2nd period - Stopped by Keith Kinkaid with a rebound.
14:02 of 2nd period - Slapshot by David Savard.
14:02 of 2nd period - Deflect By Kyle Palmieri.
14:02 of 2nd period - Stopped by Keith Kinkaid with a rebound.
14:04 of 2nd period - Slapshot by David Savard.
14:04 of 2nd period - Stopped by Keith Kinkaid without a rebound.
14:05 of 2nd period - Mikhail Grabovski wins face-off versus Jonathan Matsumoto in Remparts zone.
14:06 of 2nd period - Wrist shot by Jonathan Ferland.
14:06 of 2nd period - Shot Misses the Net.
14:14 of 2nd period - Jonathan Matsumoto is hit by Jonathan Ferland and loses puck.
14:33 of 2nd period - Slapshot by Brandon Gormley.
14:33 of 2nd period - Stopped by Michael Hutchinson without a rebound.
14:34 of 2nd period - Vladimir Sobotka wins face-off versus Guillaume Desbiens in Inferno zone.
15:31 of 2nd period - Wrist shot by Jarod Palmer.
15:31 of 2nd period - Shot Misses the Net.
15:43 of 2nd period - Wrist shot by Jonathan Ferland.
15:43 of 2nd period - Stopped by Keith Kinkaid with a rebound.
15:45 of 2nd period - Snap shot by Mikhail Grabovski.
15:45 of 2nd period - Goal by Mikhail Grabovski - Inferno : 2 - Remparts : 4.
15:46 of 2nd period - Jonathan Matsumoto wins face-off versus Mikhail Grabovski in neutral zone.
15:55 of 2nd period - Snap shot by Jonathan Matsumoto.
15:55 of 2nd period - Shot Blocked by Mikhail Grabovski.
15:57 of 2nd period - Backhand shot by Brandon Gormley.
15:57 of 2nd period - Shot Blocked by David Savard.
15:59 of 2nd period - Wrist shot by Petr Straka.
15:59 of 2nd period - Shot Misses the Net.
16:01 of 2nd period - Slapshot by Brandon Gormley.
16:01 of 2nd period - Stopped by Michael Hutchinson with a rebound.
16:11 of 2nd period - Colby Robak is hit by Guillaume Desbiens and loses puck.
18:09 of 2nd period - Wrist shot by Jonathan Cheechoo.
18:09 of 2nd period - Goal by Jonathan Cheechoo - Inferno : 2 - Remparts : 5.
18:10 of 2nd period - Jonathan Matsumoto wins face-off versus Mikhail Grabovski in neutral zone.
18:13 of 2nd period - David Savard is hit by Daniel Paille and loses puck.
19:26 of 2nd period - Snap shot by Beau Bennett.
19:26 of 2nd period - Stopped by Keith Kinkaid without a rebound.
19:27 of 2nd period - Mikhail Grabovski wins face-off versus Jonathan Matsumoto in Remparts zone.
19:33 of 2nd period - Off-side.
19:34 of 2nd period - Mikhail Grabovski wins face-off versus Jonathan Matsumoto in neutral zone.
Goals for this period are 1 for Inferno vs 2 for Remparts.
Shots for this period are 10 for Inferno vs 10 for Remparts.
3rd period
0:01 of 3rd period - Jonathan Matsumoto wins face-off versus Mikhail Grabovski in neutral zone.
0:39 of 3rd period - Wrist shot by Jonathan Matsumoto.
0:39 of 3rd period - Deflect By Petr Straka.
0:39 of 3rd period - Shot Misses the Net.
0:39 of 3rd period - Puck is out of play.
0:40 of 3rd period - Mikhail Grabovski wins face-off versus Cédric Lalonde-McNicoll in Inferno zone.
0:42 of 3rd period - Brendan Mikkelson is hit by Ty Wishart and loses puck.
0:55 of 3rd period - Wrist shot by Pasi Salonen.
0:55 of 3rd period - Shot Misses the Net.
1:24 of 3rd period - Wrist shot by Jarod Palmer.
1:24 of 3rd period - Stopped by Michael Hutchinson with a rebound.
1:26 of 3rd period - Slapshot by Jarod Palmer.
1:26 of 3rd period - Stopped by Michael Hutchinson with a rebound.
1:28 of 3rd period - Snap shot by Jarod Palmer.
1:28 of 3rd period - Stopped by Michael Hutchinson without a rebound.
1:29 of 3rd period - Matt Kassian wins face-off versus Jonathan Matsumoto in Inferno zone.
2:36 of 3rd period - Snap shot by Daniel Paille.
2:36 of 3rd period - Stopped by Michael Hutchinson with a rebound.
2:44 of 3rd period - Colby Robak is hit by Ty Wishart and loses puck.
2:51 of 3rd period - William Colbert is hit by Christian Folin and loses puck.
3:42 of 3rd period - Simon Danis-Pepin is hit by Janne Niskala and loses puck.
4:05 of 3rd period - Slapshot by Brandon Gormley.
4:05 of 3rd period - Stopped by Michael Hutchinson with a rebound.
4:07 of 3rd period - Snap shot by Jonathan Matsumoto.
4:07 of 3rd period - Shot Blocked by Anders Lee.
4:09 of 3rd period - Slapshot by Keith Ballard.
4:09 of 3rd period - Deflect By Daniel Paille.
4:09 of 3rd period - Shot Misses the Net.
4:09 of 3rd period - Puck is out of play.
4:10 of 3rd period - Jonathan Matsumoto wins face-off versus Stephane Veilleux in Inferno zone.
5:11 of 3rd period - Minor Penalty to Guillaume Desbiens for Tripping.
5:12 of 3rd period - Cédric Lalonde-McNicoll wins face-off versus Mikhail Grabovski in Remparts zone.
5:35 of 3rd period - Cédric Lalonde-McNicoll is hit by David Savard and loses puck.
7:11 of 3rd period - Penalty to Guillaume Desbiens is over, Guillaume Desbiens is back on ice.
8:53 of 3rd period - Anders Lee is hit by Ty Wishart and loses puck.
9:17 of 3rd period - Jarod Palmer is hit by Simon Danis-Pepin and loses puck.
9:32 of 3rd period - Slapshot by Brandon Gormley.
9:32 of 3rd period - Shot Misses the Net.
9:34 of 3rd period - Wrist shot by Keith Ballard.
9:34 of 3rd period - Stopped by Michael Hutchinson with a rebound.
9:36 of 3rd period - Wrist shot by Cédric Lalonde-McNicoll.
9:36 of 3rd period - Stopped by Michael Hutchinson without a rebound.
9:37 of 3rd period - Mikhail Grabovski wins face-off versus Cédric Lalonde-McNicoll in Inferno zone.
9:46 of 3rd period - Wrist shot by Jonathan Ferland.
9:46 of 3rd period - Stopped by Keith Kinkaid with a rebound.
10:08 of 3rd period - Snap shot by Jonathan Cheechoo.
10:08 of 3rd period - Shot Blocked by Stephane Veilleux.
10:08 of 3rd period - Stephane Veilleux from Inferno is injured at 10:08 of 3rd period (Lacerated Right Calf).
10:09 of 3rd period - Mikhail Grabovski wins face-off versus Jonathan Matsumoto in Inferno zone.
10:14 of 3rd period - Keith Ballard is hit by Brendan Mikkelson.
10:47 of 3rd period - Slapshot by Cal O'Reilly.
10:47 of 3rd period - Shot Misses the Net.
11:07 of 3rd period - Snap shot by Jonathan Cheechoo.
11:07 of 3rd period - Shot Misses the Net.
11:09 of 3rd period - Slapshot by Janne Niskala.
11:09 of 3rd period - Shot Misses the Net.
11:25 of 3rd period - Wrist shot by Vladimir Sobotka.
11:25 of 3rd period - Shot Blocked by Nate Guenin.
11:27 of 3rd period - Snap shot by David Ullstrom.
11:27 of 3rd period - Deflect By Janne Niskala.
11:27 of 3rd period - Stopped by Keith Kinkaid without a rebound.
11:27 of 3rd period - Minor Penalty to Vladimir Zharkov for Roughing.
11:28 of 3rd period - Vladimir Sobotka wins face-off versus Jonathan Matsumoto in Inferno zone.
11:53 of 3rd period - Vladimir Sobotka is hit by Brandon Gormley and loses puck.
13:27 of 3rd period - Penalty to Vladimir Zharkov is over, Vladimir Zharkov is back on ice.
13:28 of 3rd period - Slapshot by Brandon Gormley.
13:28 of 3rd period - Shot Misses the Net.
13:30 of 3rd period - Snap shot by Max Reinhart.
13:30 of 3rd period - Shot Misses the Net.
13:32 of 3rd period - Slapshot by William Colbert.
13:32 of 3rd period - Stopped by Michael Hutchinson with a rebound.
13:34 of 3rd period - Snap shot by Johannes Salmonsson.
13:34 of 3rd period - Stopped by Michael Hutchinson without a rebound.
13:35 of 3rd period - Mikhail Grabovski wins face-off versus Max Reinhart in Inferno zone.
13:57 of 3rd period - Keith Ballard is hit by Beau Bennett and loses puck.
14:19 of 3rd period - David Savard is hit by Johannes Salmonsson and loses puck.
14:28 of 3rd period - Minor Penalty to Brandon Gormley for Holding Stick.
14:29 of 3rd period - Mikhail Grabovski wins face-off versus Cédric Lalonde-McNicoll in Remparts zone.
14:40 of 3rd period - Snap shot by Jonathan Ferland.
14:40 of 3rd period - Shot Misses the Net.
14:42 of 3rd period - Snap shot by Mikhail Grabovski.
14:42 of 3rd period - Shot Misses the Net.
14:44 of 3rd period - Wrist shot by Jonathan Ferland.
14:44 of 3rd period - Stopped by Keith Kinkaid without a rebound.
14:45 of 3rd period - Mikhail Grabovski wins face-off versus Cédric Lalonde-McNicoll in Remparts zone.
16:28 of 3rd period - Penalty to Brandon Gormley is over, Brandon Gormley is back on ice.
17:02 of 3rd period - Slapshot by Jonathan Matsumoto.
17:02 of 3rd period - Stopped by Michael Hutchinson with a rebound.
17:04 of 3rd period - Slapshot by Daniel Paille.
17:04 of 3rd period - Shot Misses the Net.
17:06 of 3rd period - Slapshot by Nate Guenin.
17:06 of 3rd period - Shot Blocked by Kyle Palmieri.
17:26 of 3rd period - Sami Vatanen is hit by Ty Wishart and loses puck.
17:33 of 3rd period - Wrist shot by Rico Fata.
17:33 of 3rd period - Shot Blocked by Sami Vatanen.
17:54 of 3rd period - Cédric Lalonde-McNicoll is hit by Christian Folin and loses puck.
18:58 of 3rd period - Vladimir Zharkov is hit by Janne Niskala and loses puck.
19:05 of 3rd period - David Savard is hit by Guillaume Desbiens and loses puck.
19:35 of 3rd period - Zach Redmond is hit by Jonathan Matsumoto and loses puck.
19:42 of 3rd period - Jonathan Cheechoo is hit by Anders Lee and loses puck.
19:58 of 3rd period - Max Reinhart is hit by David Savard.
Goals for this period are 0 for Inferno vs 0 for Remparts.
Shots for this period are 3 for Inferno vs 10 for Remparts.
Back to the Top